Map: Snowbound Colony

Players

Subwaymaker

  • Race: Protoss Protoss
  • League: Silver
  • Spawn Location: 6:00

Mesrob

  • Race: Terran Terran
  • League: Gold
  • Spawn Location: 7:00

subwayengine

  • Race: Terran Terran
  • Spawn Location: 7:00

AlDente

  • Race: Protoss Protoss
  • League: Gold
  • Spawn Location: 12:00

Meklohflip

  • Race: Terran Terran
  • League: Gold
  • Spawn Location: 1:00

RichSphire

  • Race: Protoss Protoss
  • League: Gold
  • Spawn Location: 1:00

VOD

Have the link to the VOD?

Description

Time

  • Played on: Jan. 17, 2019, 8:28 p.m.
  • Length: 11:34
Show
View Real Time Build Order
Export as new Build Order

Subwaymaker Protoss 

Build Orders:  

Get SALT Encoding   

  12  0:00  Probe  
  13  0:08  Probe  
  14  0:23  Pylon  
  14  0:26  Assimilator  
  15  0:35  Probe  
  15  0:43  Gateway  
  15  0:47  Probe  
  16  0:56  Probe  
  17  1:04  Probe  
  18  1:14  Probe  
  18  1:16  Pylon  
  19  1:26  Probe  
  20  1:35  Cybernetics Core  
  20  1:38  Probe  
  21  1:40  Assimilator  
  21  1:42  Zealot  
  23  1:50  Probe  
  24  2:00  Zealot  
  23  2:02  Probe  
  26  2:27  Sentry  
  24  2:51  Pylon  
  24  2:53  Zealot  
  24  2:54  Gateway  
  26  2:58  Twilight Council  
  26  3:01  Forge  
  26  3:16  Zealot  
  26  3:37  Zealot  
  24  4:03  Charge  
  24  4:05  Protoss Ground Armor Level 1, Zealot  
  26  4:18  Gateway  
  26  4:19  Warp Gate  
  15  5:07  Zealot  
  13  5:09  Zealot  
  14  5:25  Zealot  
  16  5:49  Protoss Ground Weapons Level 1  
  16  5:51  Probe  
  15  6:03  Probe  
  16  6:08  Zealot  
  14  6:13  Zealot  
  14  6:15  Probe, Zealot  
  19  6:27  Probe  
  19  6:28  Stalker  
  22  6:33  Stalker  
  22  6:35  Stalker  
  22  6:39  Probe  
  27  6:51  Probe  
  28  6:58  Photon Cannon  
  28  7:03  Probe  
  29  7:08  Stalker  
  29  7:09  Stalker  
  33  7:15  Zealot  
  33  7:16  Probe  
  36  7:46  Probe  
  37  7:52  Zealot  
  39  8:06  Pylon  
  39  8:11  Pylon  
  39  8:24  Probe  
  40  8:32  Stalker, Sentry  
  40  8:33  Zealot  
  46  8:35  Probe  
  47  8:43  Probe  
  47  8:46  Protoss Shields Level 1  
  48  8:51  Probe  
  49  9:02  Pylon  
  49  9:14  Protoss Air Weapons Level 1  
  49  9:27  Nexus  
  49  9:36  Photon Cannon  
  49  9:42  Probe  
  50  9:54  Probe  
  51  10:01  Zealot  
  51  10:06  Probe  
  48  10:18  Probe  
  47  10:30  Probe  
  48  10:42  Probe  
  35  11:07  Stalker x2  
Show
View Real Time Build Order
Export as new Build Order

Mesrob Terran 

Build Orders:  

Get SALT Encoding   

  12  0:01  SCV  
  13  0:13  SCV  
  14  0:18  Supply Depot  
  14  0:25  SCV  
  15  0:39  SCV  
  15  0:41  Barracks  
  16  0:50  Refinery  
  16  0:52  SCV  
  17  1:09  SCV  
  18  1:23  SCV  
  19  1:36  Marine  
  19  1:47  Refinery  
  19  1:56  Factory  
  19  2:04  Barracks Tech Lab  
  14  2:48  Orbital Command  
  14  2:49  Siege Tank  
  17  3:21  Siege Tank  
  20  3:39  Marine  
  16  3:53  Siege Tank  
  18  4:45  Siege Tank  
  19  5:55  SCV  
  19  6:07  Marine, SCV  
  17  6:24  Marine  
  15  7:14  Siege Tank  
  18  7:19  SCV  
  19  7:31  SCV  
  20  7:40  Command Center  
  20  7:53  SCV  
  21  8:08  SCV  
  22  8:20  SCV  
  22  8:22  Supply Depot  
  23  8:44  Siege Tank, SCV  
  23  8:48  Supply Depot  
  27  8:55  Orbital Command  
  27  9:00  SCV  
  28  9:12  SCV  
  29  9:24  SCV x2  
  31  9:32  Siege Tank  
  31  9:36  SCV  
  35  9:38  Armory  
  35  9:44  SCV  
  36  9:58  Supply Depot  
  36  10:29  Engineering Bay  
  36  10:34  Thor  
Show
View Real Time Build Order
Export as new Build Order

subwayengine Terran 

Build Orders:  

Get SALT Encoding   

  12  0:13  Supply Depot  
  12  0:20  Refinery  
  12  0:28  SCV  
  13  0:40  SCV  
  14  0:46  Barracks  
  14  0:54  SCV  
  15  1:06  SCV  
  16  1:18  Refinery, SCV  
  17  1:36  Marine  
  18  1:43  Supply Depot  
  18  1:53  Marine  
  18  2:11  Marine  
  19  2:29  Marine  
  16  3:04  SCV  
  15  3:12  Barracks  
  15  3:16  SCV  
  15  3:32  SCV  
  1  6:59  Command Center  
  1  8:10  Marine  
  1  8:11  SCV  
  3  8:18  Supply Depot  
  3  8:23  SCV  
  4  8:28  Marine  
  5  8:35  SCV  
  6  8:41  Supply Depot  
  6  8:46  Marine  
  6  8:47  SCV  
  8  8:59  SCV  
  9  9:03  Marine  
  9  9:04  Supply Depot  
  10  9:12  SCV  
  11  9:21  Marine  
  11  9:24  SCV  
  13  9:36  SCV  
  14  9:48  SCV  
  15  10:00  SCV  
  15  10:01  Refinery  
  15  10:02  Barracks Tech Lab  
  16  10:12  SCV  
  13  10:57  SCV  
  13  11:00  Marine  
  15  11:09  SCV  
  15  11:22  SCV  
Show
View Real Time Build Order
Export as new Build Order

AlDente Protoss 

Build Orders: Cannon Rush 

Get SALT Encoding   

  1  0:00  Probe  
  12  0:05  Probe  
  14  0:18  Pylon  
  14  0:22  Probe  
  15  0:36  Probe  
  15  0:40  Forge  
  16  0:48  Probe  
  17  0:57  Pylon  
  17  1:15  Photon Cannon  
  17  1:20  Photon Cannon  
  17  1:30  Pylon  
  17  1:50  Photon Cannon  
  17  1:52  Photon Cannon  
  17  1:54  Photon Cannon  
  17  2:03  Photon Cannon  
  17  2:11  Pylon  
  17  2:22  Photon Cannon  
  17  2:23  Photon Cannon  
  17  2:30  Photon Cannon  
  17  2:40  Photon Cannon  
  17  2:49  Photon Cannon  
  17  3:05  Pylon  
  17  3:09  Pylon  
  17  3:19  Pylon  
  17  3:21  Pylon  
  16  3:28  Probe  
  17  3:54  Pylon  
  17  4:22  Pylon  
  17  4:26  Pylon  
  17  4:29  Pylon  
  17  4:31  Pylon  
  17  4:37  Pylon  
  17  4:40  Pylon  
  17  4:44  Photon Cannon  
  17  4:45  Photon Cannon  
  17  4:46  Photon Cannon  
  17  4:49  Probe  
  16  4:57  Probe  
  18  5:22  Gateway  
  18  5:25  Gateway  
  16  5:57  Assimilator  
  16  6:06  Assimilator  
  16  6:13  Cybernetics Core  
  16  6:45  Zealot  
  16  6:46  Zealot  
  20  6:50  Nexus  
  20  6:53  Assimilator  
  20  6:58  Assimilator  
  20  7:01  Pylon  
  20  7:08  Probe  
  21  7:12  Zealot  
  21  7:13  Zealot  
  25  7:20  Probe  
  26  7:40  Zealot x2  
  30  7:52  Nexus  
  30  8:05  Probe  
  31  8:13  Probe  
  28  8:23  Stargate, Probe  
  29  8:35  Probe  
  30  8:42  Warp Gate  
  30  8:43  Stargate  
  30  8:47  Probe  
  31  8:59  Probe  
  32  9:11  Probe  
  33  9:23  Probe  
  34  9:31  Probe  
  34  9:33  Probe  
  36  9:39  Probe  
  36  9:40  Void Ray  
  36  9:41  Void Ray, Probe  
  46  9:51  Probe  
  46  9:56  Probe  
  48  10:03  Probe  
  49  10:08  Probe  
  50  10:15  Probe  
  50  10:20  Probe  
  52  10:27  Probe  
  53  10:32  Probe  
  46  10:38  Stalker x2  
  46  10:39  Probe  
  51  10:44  Void Ray, Probe  
  51  10:49  Void Ray  
  60  10:51  Probe  
  60  10:56  Probe  
  62  11:04  Probe  
  63  11:08  Probe  
  64  11:16  Probe  
Show
View Real Time Build Order
Export as new Build Order

Meklohflip Terran 

Build Orders:  

Get SALT Encoding   

  12  0:01  SCV  
  13  0:13  SCV  
  14  0:25  Supply Depot  
  14  0:26  SCV  
  15  0:47  SCV  
  15  0:49  Barracks  
  16  1:07  Barracks  
  16  1:12  Barracks  
  16  1:22  SCV  
  17  1:25  Refinery  
  17  1:29  Supply Depot  
  17  1:36  Marine  
  18  1:40  SCV  
  19  1:54  Marine  
  19  1:55  Marine  
  19  1:58  Orbital Command  
  19  1:59  Marine  
  22  2:15  Marine x2  
  22  2:21  Marine  
  25  2:24  SCV  
  26  2:32  Refinery  
  26  2:33  Barracks  
  26  2:34  Marine  
  26  2:36  Marine  
  28  2:41  Marine  
  29  2:48  SCV  
  30  2:53  Supply Depot  
  30  2:58  Barracks Reactor  
  30  2:59  Barracks Reactor  
  30  3:02  Marine  
  31  3:15  SCV  
  31  3:19  Supply Depot  
  32  3:22  Barracks Tech Lab  
  31  3:49  Marine x5  
  31  3:51  Marauder  
  31  3:53  SCV  
  34  4:16  Stimpack  
  32  4:20  Marine  
  32  4:21  Marine x3  
  32  4:22  Marauder, Marine  
  38  4:39  Factory  
  38  4:45  Marine x5  
  41  4:47  Marauder  
  45  5:09  Marine x2  
  47  5:27  Marine  
  47  5:28  Marine  
  47  5:29  Marine, Marauder  
  38  5:37  Starport, Factory Tech Lab  
  31  5:54  Engineering Bay  
  31  5:58  Command Center  
  29  6:05  Refinery  
  29  6:20  Factory Reactor  
  29  6:22  Combat Shield  
  29  6:23  Marine x3  
  29  6:24  Marine x2  
  29  6:25  Marine  
  34  6:30  SCV  
  36  6:47  Banshee  
  36  6:49  Cloaking Field  
  39  6:56  SCV  
  39  6:57  Refinery  
  40  7:08  SCV  
  41  7:11  Supply Depot  
  41  7:15  Orbital Command  
  41  7:20  SCV  
  42  7:32  SCV  
  42  7:33  Banshee  
  42  7:36  Marine x3  
  42  7:37  Marine x2  
  49  7:38  Marine  
  52  7:44  SCV  
  52  7:45  SCV  
  54  7:56  SCV  
  54  7:57  SCV  
  56  8:08  SCV  
  56  8:11  Marine x5  
  62  8:15  Banshee  
  65  8:35  SCV x2  
  69  8:41  Widow Mine  
  69  8:42  Marine  
  69  8:45  Concussive Shells  
  70  8:52  Supply Depot  
  70  8:54  Supply Depot  
  70  9:14  Marine x4, Marauder, SCV x2  
  70  9:15  Starport x2  
  70  9:16  Widow Mine  
  80  9:17  Fusion Core  
  80  9:31  Marine  
  80  9:34  Marine x3  
  80  9:35  Marine  
  85  9:51  Marine  
Show
View Real Time Build Order
Export as new Build Order

RichSphire Protoss 

Build Orders: 1 Gate Expand 

Get SALT Encoding   

  1  0:00  Probe  
  12  0:05  Probe  
  14  0:19  Pylon  
  14  0:23  Probe  
  15  0:37  Probe  
  15  0:38  Gateway  
  16  0:45  Assimilator  
  16  0:49  Probe  
  17  0:59  Probe  
  18  1:08  Probe  
  18  1:16  Probe  
  20  1:30  Cybernetics Core  
  20  1:44  Nexus  
  20  1:47  Pylon  
  20  1:55  Probe  
  20  1:56  Assimilator  
  21  2:03  Zealot  
  21  2:07  Probe  
  24  2:19  Probe  
  25  2:31  Probe  
  26  2:43  Probe  
  27  2:45  Zealot  
  27  2:48  Warp Gate  
  29  2:52  Gateway  
  29  2:54  Gateway  
  29  2:57  Stargate  
  29  3:04  Twilight Council  
  29  3:09  Pylon  
  29  3:15  Probe x2  
  31  3:25  Assimilator  
  31  3:27  Probe  
  31  3:28  Probe  
  31  3:30  Charge  
  33  3:40  Probe  
  34  3:58  Probe  
  35  4:03  Probe  
  35  4:06  Probe  
  36  4:14  Gateway  
  36  4:15  Probe  
  36  4:16  Probe  
  38  4:21  Oracle  
  42  4:27  Probe  
  42  4:28  Probe  
  44  4:39  Probe x2  
  46  4:47  Probe  
  46  4:51  Probe  
  48  4:52  Assimilator  
  48  4:55  Probe  
  48  4:57  Gateway  
  45  5:00  Gateway  
  45  5:01  Gateway  
  45  5:03  Probe  
  45  5:06  Pylon, Probe  
  47  5:18  Probe  
  47  5:20  Zealot x3  
  54  5:42  Nexus  
  54  5:45  Pylon  
  54  5:48  Pylon  
  48  6:55  Stalker x3  
  48  6:56  Stalker x4  
  59  7:07  Assimilator  
  59  7:11  Assimilator  
  59  7:13  Gateway  
  59  7:15  Gateway  
  59  7:19  Gateway  
  59  7:20  Gateway  
  59  7:25  Probe, Gateway  
  59  7:28  Templar Archives  
  60  7:41  Probe  
  60  7:46  Robotics Facility  
  60  7:48  Robotics Facility  
  60  7:49  Probe  
  60  7:50  Pylon  
  61  7:52  Blink  
  61  7:57  Probe  
  63  7:59  Probe  
  63  8:04  Stalker x4, Psionic Storm  
  63  8:05  Stalker x2  
  74  8:06  Stalker  
  74  8:11  Probe  
  79  8:15  Probe  
  80  8:23  Probe x2  
  81  8:30  Probe  
  81  8:33  Probe  
  83  8:35  Probe  
  85  8:42  Probe  
  85  8:45  Probe  
  85  8:47  Probe  
  88  8:54  Probe  
  89  8:57  Probe  
  89  8:59  Probe  
  91  9:07  Probe  
  91  9:09  Probe, Nexus  
  93  9:11  High Templar x4  
  93  9:15  Nexus  
  101  9:20  Nexus  
  101  9:23  Pylon  
  101  9:26  Pylon  
  101  9:29  Pylon  
  101  9:33  Pylon  
  101  9:35  Pylon  
  101  9:37  Pylon  
  101  9:41  Observer x2, Probe  
  104  9:50  Pylon  
  104  9:52  Pylon  
  104  9:55  High Templar x5  
  104  9:56  High Templar x6  
  104  9:57  High Templar  
  91  11:08  Stalker x2  
  91  11:09  Stalker x5  
  91  11:10  Stalker x4  
  91  11:11  Stalker  
  111  11:15  Probe x6  
Tags
 
Add a new tag
Caveats
  • Supply blocks, unpowered buildings, or Contaminate may cause inaccurate times.
  • Supply counts are checked every 10 seconds.